 Dungeon Crawl Stone Soup version 0.23.2-1-ga50397a (webtiles) character file.

Game seed: 12126409273321135590

56 Alelolelolen the Skirmisher (level 3, -5/29 HPs)
             Began as a Demonspawn Abyssal Knight on May 28, 2019.
             Was a Follower of Lugonu.
             Slain by a hobgoblin
             ... wielding a cursed +0 club
             ... led by Robin
              (7 damage)
             ... on level 1 of the Dungeon.
             The game lasted 00:02:46 (2198 turns).

Alelolelolen the Skirmisher (DsAK)                  Turns: 2198, Time: 00:02:47

Health: -5/29      AC:  5    Str: 13    XL:     3   Next: 71%
Magic:  5/5        EV: 11    Int: 13    God:    Lugonu [*.....]
Gold:   110        SH:  0    Dex: 12    Spells: 2/2 levels left

rFire    . . .     SeeInvis .   a - +1 falchion
rCold    . . .     Gourm    .   (no shield)
rNeg     . . .     Faith    .   b - +0 leather armour
rPois    .         Spirit   .   (no helmet)
rElec    .         Reflect  .   (no cloak)
rCorr    .         Harm     .   (no gloves)
MR       +....                  (no boots)
Stlth    +.........             (no amulet)
HPRegen  0.09/turn              d - ring of protection from magic
MPRegen  0.09/turn              (no ring)

@: no status effects
A: hooves 1, yellow scales 1
a: Depart the Abyss, Renounce Religion


You were on level 1 of the Dungeon.
You worshipped Lugonu.
Lugonu was aware of your devotion.
You were not hungry.

You visited 1 branch of the dungeon, and saw 2 of its levels.
You visited the Abyss 1 time.

You collected 110 gold pieces.

Inventory:

Hand Weapons
 a - a +1 falchion (weapon)
Armour
 b - a +0 leather armour (worn)
Jewellery
 d - a ring of protection from magic (left hand)
 j - an uncursed ring of flight {unknown}
Scrolls
 f - a scroll of enchant armour {unknown}
 i - a scroll of identify {unknown}
Potions
 e - a potion of agility {unknown}
 g - a potion of curing {unknown}
 h - a potion of might {unknown}
Comestibles
 c - 3 rations
 k - 4 chunks of flesh


   Skills:
 + Level 3.3 Fighting
 + Level 2.2 Long Blades
 + Level 2.2 Armour
 + Level 1.6 Dodging
 + Level 3.2 Invocations


You had 2 spell levels left.
You didn't know any spells.
Your spell library was empty.

Dungeon Overview and Level Annotations

Branches:
Dungeon (2/15)

Altars:

Annotations:
D:2 Robin


Innate Abilities, Weirdness & Mutations

You have large cloven feet.
You are partially covered in yellow scales. (AC +2)


Message History

Lugonu accepts your kill.
The goblin hits you but does no damage. x2
You barely miss the hobgoblin.
The hobgoblin hits you with a cursed +0 club.
The goblin hits you.
* * * LOW HITPOINT WARNING * * *
You are too injured to fight recklessly!
You are too injured to fight recklessly!
You are too injured to fight recklessly!
You are too injured to fight recklessly!
You barely miss the hobgoblin.
You kick the hobgoblin, but do no damage.
The hobgoblin closely misses you.
You riposte.
You closely miss the hobgoblin. The goblin hits you but does no damage.
You closely miss the goblin.
The hobgoblin hits you with a cursed +0 club.
* * * LOW HITPOINT WARNING * * *
The goblin misses you.
The hobgoblin hits you with a cursed +0 club!
You die...

#...... #.##.##
##########.#...#
#......)........
#.##########...#
###.#### ##.##
#......# #.#
#g###..# #.# #@#
#..# ##'##
#g###..# ##...#
#......# ##.....
#.##...# ##......
#......####.......
###.......'.[.....
##...####.......
#..## ##......
#.## ##.....


You could see a hobgoblin and a goblin.

Vanquished Creatures
  An ooze (D:1)
  3 dart slugs (D:1)
  A ball python (D:1)
  A giant cockroach (D:1)
  12 goblins
  8 hobgoblins (D:1)
  2 jackals (D:1)
  6 bats (D:1)
  3 kobolds (D:1)
  3 rats (D:1)
40 creatures vanquished.

Notes
Turn   | Place    | Note
-------+----------+-------------------------------------------
     0 | Abyss:1  | Alelolelolen the Demonspawn Abyssal Knight began the quest
                  | for the Orb.
     0 | Abyss:1  | Reached XP level 1. HP: 18/18 MP: 2/2
    27 | Abyss:1  | Found a corrupted altar of Lugonu.
    59 | Abyss:1  | Noticed a polar bear
    60 | Abyss:1  | Noticed a small abomination
    63 | D:1      | Escaped the Abyss
   193 | D:1      | Reached skill level 1 in Dodging
   534 | D:1      | Gained mutation: You are partially covered in yellow
                  | scales. (AC +2) [demonic ancestry]
   534 | D:1      | Reached XP level 2. HP: 14/24 MP: 4/4
  1137 | D:1      | Gained mutation: You have large cloven feet. [demonic
                  | ancestry]
  1137 | D:1      | Reached XP level 3. HP: 17/29 MP: 5/5
  1287 | D:1      | Reached * piety under Lugonu
  2021 | D:2      | Noticed Robin
  2198 | D:1      | Slain by a hobgoblin

Skill      XL: |  1  2 |
---------------+-------+-----
Dodging        | 1 |  1.6
Long Blades    | 2 |  2.2
Armour         | 2 |  2.2
Invocations    | 3 |  3.2
Fighting       | |  3.3

Action                   || total
-------------------------++-------
Melee: Falchion          ||   104
       Kick              ||    13
Invok: Depart the Abyss  ||     1
  Eat: Chunk             ||     4
Armor: Leather armour    ||    43
Dodge: Dodged            ||    74
       Rpst.: Falchion   ||    23
